 Dungeon Crawl Stone Soup version 0.21.0-3-g78d12a8bdd (webtiles) character file.

999 Lektor the Basher (level 8, -1/69 HPs)
             Began as a Gargoyle Berserker on Jan 11, 2018.
             Was an Elder of Trog.
             Killed by divine providence
             ... invoked by an orc priest
              (13 damage)
             ... on level 5 of the Dungeon.
             The game lasted 00:22:05 (4303 turns).

Lektor the Basher (Gargoyle Berserker)              Turns: 4303, Time: 00:22:06

Health: -1/69      AC: 24    Str: 22    XL:     8   Next: 19%
Magic:  8/8        EV:  2    Int: 14    God:    Trog [****..]
Gold:   314        SH:  0    Dex: 14    Spells: 7/7 levels left

rFire    . . .     SeeInvis .   B - +0 flail
rCold    . . .     Gourm    +   (no shield)
rNeg     + + +     Faith    .   (armour currently unavailable)
rPois    ∞         Spirit   .   (helmet currently unavailable)
rElec    .         Reflect  .   (cloak currently unavailable)
rCorr    +         Harm     .   (gloves currently unavailable)
MR       .....     NoTele   +   (boots currently unavailable)
Stlth    +++.......             G - amulet of the gourmand
HPRegen  0.21/turn              u - ring of resist corrosion
MPRegen  0.11/turn              (no ring)

@: brilliant, agile, tree-form
A: negative energy resistance 1, petrification resistance, rot immunity, AC +5
a: Berserk, Trog's Hand, Brothers in Arms, Burn Spellbooks, Renounce Religion


You were on level 5 of the Dungeon.
You worshipped Trog.
Trog was greatly pleased with you.
You were full.
You were a tree.
You visited 1 branch of the dungeon, and saw 5 of its levels.
You also visited: Sewer.

You collected 314 gold pieces.

Inventory:

Hand Weapons
 a - a +0 mace
 j - a +0 war axe
 B - a +0 flail (weapon)
 D - a +0 blowgun
Missiles
 h - 164 stones
 n - 28 arrows
 x - 13 bolts
 F - 2 tomahawks
 H - 7 poisoned needles
 L - a javelin (quivered)
Armour
 b - a +0 animal skin
 k - a +0 chain mail
 p - a cursed +0 chain mail (melded)
 v - a +0 scale mail
 K - a +1 hat (melded)
Jewellery
 u - a ring of resist corrosion (left branch)
 G - an amulet of the gourmand (around neck)
Wands
 q - a wand of iceblast (1)
 C - a wand of scattershot (6)
Scrolls
 d - 2 scrolls of teleportation {unknown}
 f - 2 scrolls of enchant weapon {unknown}
 i - 8 scrolls of identify
 m - a scroll of immolation {unknown}
 s - a scroll of amnesia {unknown}
 t - a scroll of remove curse
 y - a scroll of noise {unknown}
 E - a scroll of fear {unknown}
Potions
 g - 2 potions of agility
 l - 3 potions of curing
 o - 3 potions of degeneration {unknown}
 r - 2 potions of heal wounds {unknown}
 w - a potion of mutation {unknown}
 z - 4 potions of brilliance
 A - a potion of might {unknown}
 I - a potion of flight
Comestibles
 c - 5 rations


   Skills:
 - Level 3.2 Fighting
 + Level 9.6 Maces & Flails
 + Level 0.1 Throwing
 - Level 2.1 Armour
 - Level 1.5 Dodging
 - Level 0.9 Stealth
 + Level 0.6 Evocations


You had 7 spell levels left.
You didn't know any spells.

Dungeon Overview and Level Annotations

Branches:
Dungeon (5/15)
 Temple: D:4-7

Altars:
Ashenzari
Kikubaaqudgha
Wu Jian

Shops:
D:4 %[


Innate Abilities, Weirdness & Mutations

You are resistant to torment.
((Your stone body is resilient. (AC +5)))
You are immune to poison.
You resist negative energy. (rN+)
((You are resistant to electric shocks. (rElec)))
((You can survive without breathing.))
You are immune to petrification.
You are immune to rotting.


Message History

The burst of metal fragments hits the orc priest.
The orc priest is almost dead.
The orc priest hits you but does no damage.
The orc hits you but does no damage.
You hear some strange, mumbled words.
Deactivating autopickup; reactivate with Ctrl-A.
Something tries to affect you, but you resist.
Something hits you but does no damage.
Throwing (i - inventory. (,) - cycle):
L - 2 javelins (quivered)
Press: ? - help, Shift-Dir - straight line, f - orc priest
Aim: an orc priest, wielding a trident and wearing a leather armour (almost dead)
You throw a javelin.
The javelin barely misses the orc priest.
The orc priest calls down the wrath of Beogh upon you.
Beogh smites you!
* * * LOW HITPOINT WARNING * * *
Something hits you but does no damage. The orc hits you but does no damage.
You hear something call down the wrath of Beogh upon you.
Beogh smites you!
You die...

#...≈≈≈≈≈.....$
##..#≈.≈#.....
##........#...
#....#......##
############.......#####
........##.......###
........##..#....####
........#..............
........{♣#.#..##......
........)#o.#..# ......
.......o##.##### ###...
........#..# ...
..........## ..
.........## ...(....##
#######.# #.#


You could see an orc priest and an orc.

Vanquished Creatures
  Menkaure (D:4)
  6 big kobolds (Sewer)
  2 orc priests
  A centaur skeleton (D:4)
  2 hounds
  3 orc wizards
  An iguana (D:4)
  A worker ant (D:5)
  A hound skeleton (D:4)
  An adder (D:2)
  A howler monkey skeleton (D:5)
  4 oozes
  A worm (D:5)
  A dart slug (D:1)
  3 leopard geckos
  13 orcs
  A bat zombie (D:2)
  4 giant cockroaches
  7 goblins
  8 hobgoblins
  5 jackals
  17 kobolds
  2 ball pythons
  12 bats
  9 frilled lizards
  A quokka skeleton (D:4)
  16 rats
  3 rat zombies (D:2)
  A fungus (Sewer)
128 creatures vanquished.

Vanquished Creatures (others)
  A giant cockroach (D:4)
1 creature vanquished.

Grand Total: 129 creatures vanquished

Notes
Turn   | Place    | Note
-------+----------+-------------------------------------------
     0 | D:1      | Lektor the Gargoyle Berserker began the quest for the Orb.
     0 | D:1      | Reached XP level 1. HP: 14/14 MP: 1/1
    91 | D:1      | Reached XP level 2. HP: 2/19 MP: 2/2
   580 | D:1      | Reached skill level 4 in Maces & Flails
   604 | D:1      | Reached XP level 3. HP: 23/23 MP: 3/3
   617 | D:1      | Reached ** piety under Trog
  1407 | D:2      | Reached XP level 4. HP: 22/28 MP: 4/4
  1590 | D:2      | Found an ancient bone altar of Kikubaaqudgha.
  1807 | D:3      | Reached skill level 5 in Maces & Flails
  1893 | D:3      | Found an ornate altar of the Wu Jian Council.
  1961 | D:3      | Reached *** piety under Trog
  2448 | D:3      | Reached XP level 5. HP: 30/32 MP: 5/5
  2811 | D:4      | Reached skill level 6 in Maces & Flails
  3064 | D:4      | Found Qivon's Armour Shoppe.
  3073 | D:4      | Found a shattered altar of Ashenzari.
  3077 | D:4      | Reached XP level 6. HP: 37/37 MP: 6/6
  3152 | D:4      | Reached skill level 7 in Maces & Flails
  3220 | D:4      | Found Gipra's Food Boutique.
  3243 | D:4      | Noticed Menkaure
  3247 | D:4      | Killed Menkaure
  3247 | D:4      | Reached XP level 7. HP: 29/41 MP: 7/7
  3615 | D:5      | Entered Level 5 of the Dungeon
  3628 | D:5      | Found a glowing drain.
  3651 | Sewer    | Entered a sewer
  3682 | Sewer    | Reached skill level 8 in Maces & Flails
  4009 | Sewer    | Reached **** piety under Trog
  4157 | Sewer    | Reached skill level 9 in Maces & Flails
  4164 | Sewer    | Reached XP level 8. HP: 46/46 MP: 8/8
  4303 | D:5      | Killed from afar by an orc priest

Skill      XL: |  1  2  3  4  5  6  7 |
---------------+----------------------+-----
Maces & Flails | 4 5 6 7 9 |  9.6
Fighting       | |  3.2
Throwing       | |  0.1
Armour         | |  2.1
Dodging        | |  1.5
Stealth        | |  0.9
Evocations     | |  0.6

Action                   |  1- 3 |  4- 6 |  7- 9 || total
-------------------------+-------+-------+-------++-------
Melee: Mace              |   152 |   102 |       ||   254
       Flail             |       |    59 |   160 ||   219
Throw: Stone             |       |     2 |     1 ||     3
       Javelin           |       |       |     4 ||     4
Invok: Berserk           |     1 |     2 |     1 ||     4
Evoke: Wand              |       |     2 |     1 ||     3
  Use: Scroll            |     3 |       |       ||     3
       Potion            |       |       |     7 ||     7
 Stab: Sleeping          |     1 |       |       ||     1
  Eat: Chunk             |     2 |     7 |    12 ||    21
Armor: Animal skin       |    31 |       |       ||    31
       Chain mail        |    57 |    80 |   139 ||   276
       Skin              |     1 |       |    34 ||    35
Dodge: Dodged            |    96 |    68 |    90 ||   254
